 Dungeon Crawl Stone Soup version 0.20-a0-513-g02c11fc (webtiles) character file.

122 Kaname the Sneak (level 4, 0/30 HPs)
             Began as a Demonspawn Enchanter on Jan 23, 2017.
             Succumbed to an adder's poison
             ... on level 2 of the Dungeon.
             The game lasted 00:12:37 (3760 turns).

Kaname the Sneak (Demonspawn Enchanter)             Turns: 3760, Time: 00:12:38

Health: 0/30       AC:  2    Str:  7 (9)  XL:     4   Next: 78%
Magic:  3/7        EV: 12    Int: 20 (22) God:
Gold:   68         SH:  0    Dex: 10 (13) Spells: 1/7 levels left

rFire    . . .     SeeInvis .   o - +0 short sword (speed)
rCold    . . .     Gourm    .   b - +0 robe
rNeg     . . .     Faith    .   (no shield)
rPois    .         Spirit   .   (helmet restricted)
rElec    .         Reflect  .   (no cloak)
rCorr    .         Harm     .   (no gloves)
MR       .....                  (no boots)
Stlth    ++........             (no amulet)
Regen    0.1/turn               (no ring)
                                (no ring)

@: brilliant, lethally poisoned (0 -> -7), very slightly contaminated, hasted,
very quick
A: antennae 1, powered by pain 1
a: no special abilities


You were on level 2 of the Dungeon.
You were not hungry.

You visited 1 branch of the dungeon, and saw 3 of its levels.

You collected 68 gold pieces.

Inventory:

Hand Weapons
 a - a +1 dagger
 o - a +0 short sword of speed (weapon)
Armour
 b - a +0 robe (worn)
 i - a +0 crystal plate armour
Wands
 h - a wand of digging (13/24)
Scrolls
 l - 2 scrolls of immolation
 p - a scroll of fog
Books
 c - a book of Maledictions

   Spells                             Type                      Level
   a - Corona                         Hexes                        1
   b - Ensorcelled Hibernation        Hexes/Ice                    2
   c - Confuse                        Hexes                        3
   d - Tukima's Dance                 Hexes                        3
   e - Dazzling Spray                 Conjuration/Hexes            3
Comestibles
 d - 2 bread rations
 m - 2 chunks of flesh


   Skills:
 + Level 2.9 Short Blades
 - Level 1.7 Dodging
 - Level 4.0 Stealth
 - Level 2.0 Spellcasting
 - Level 3.0 Hexes
 - Level 1.1 Ice Magic


You had one spell level left.
You knew the following spells:

 Your Spells              Type           Power        Failure   Level  Hunger
a - Corona                Hex            ####...      1%          1    #......
b - Ensorcelled Hibernat  Hex/Ice        ###...       1%          2    ##.....
c - Confuse               Hex            ####....     1%          3    ###....


Dungeon Overview and Level Annotations

Branches:
Dungeon (3/15)

Altars:
Nemelex Xobeh

Annotations:
D:2 exclusion: gnoll


Innate Abilities, Weirdness & Mutations

You have a pair of small antennae on your head.
You sometimes gain a little power by taking damage.


Message History

You feel sick.
* * * LOW HITPOINT WARNING * * *
You feel sick.
* * * LOW HITPOINT WARNING * * *
You feel sick.
* * * LOW HITPOINT WARNING * * *
You feel sick.
You aren't carrying any potions.
As you read the scroll labeled VYGOYLUOLY, it crumbles to dust.
You feel strangely unstable.
It was a scroll of teleportation.
As you read the scroll labeled AXOYNW IJIQEAC, it crumbles to dust.
The air around you briefly surges with heat, but it dissipates.
It was a scroll of immolation.
* * * LOW HITPOINT WARNING * * *
You feel sick.
As you read the scroll labeled EKOOTHR RUIB, it crumbles to dust.
It is a scroll of identify.
p - a scroll of fog Your surroundings suddenly seem different.
You die...

#.)............###
#..#######.....###
#..# #.........
#..######.....####
#..#..........#
#.............#
##.#.......##.#
#.............#
#@.#.......##.#
#..#.......##.#
#..#.......##.##
#..####.####.#.##
#..# #)###.###.##
#..####....## ##..
#.<.....###.###.##
#.#####..>...#....
#.# #####.....#.


There were no monsters in sight!

Vanquished Creatures
  4 adders (D:2)
  2 gnolls
  2 worms (D:2)
  7 leopard geckos
  6 bats
  3 giant cockroaches (D:2)
  5 goblins
  5 hobgoblins
  2 jackals (D:2)
  6 kobolds
  2 quokkas (D:2)
  6 frilled lizards
  6 rats
56 creatures vanquished.

Notes
Turn   | Place    | Note
-------+----------+-------------------------------------------
     0 | D:1      | Kaname the Demonspawn Enchanter began the quest for the Orb.
     0 | D:1      | Reached XP level 1. HP: 13/13 MP: 3/3
    20 | D:1      | Reached skill level 1 in Short Blades
   378 | D:1      | Gained mutation: You have a pair of small antennae on your head. [demonic ancestry]
   378 | D:1      | Reached XP level 2. HP: 16/19 MP: 3/5
   530 | D:1      | Learned a level 2 spell: Ensorcelled Hibernation
  1337 | D:2      | Reached skill level 1 in Ice Magic
  1834 | D:2      | Reached skill level 3 in Stealth
  1834 | D:2      | Gained mutation: You sometimes gain a little power by taking damage. [demonic ancestry]
  1834 | D:2      | Reached XP level 3. HP: 20/24 MP: 3/6
  2134 | D:2      | Learned a level 3 spell: Confuse
  2365 | D:2      | Reached XP level 4. HP: 19/30 MP: 7/7
  2683 | D:2      | Reached skill level 4 in Stealth
  2805 | D:2      | Found a sparkling altar of Nemelex Xobeh.
  3757 | D:2      | HP: 1/30 [poisoned by an adder]
  3760 | D:2      | Succumbed to an adder's poison

Vault maps used:
D:1:      ncdulo_halloftheorcs, dk_noncrumbling_3
D:2:      marbit_many_paths, first_bread
D:3:      grunt_ministairs_3

Skill      XL: |  1  2  3  4 |
---------------+-------------+-----
Short Blades   | 1 2 |  2.9
Ice Magic      | 1 |  1.1
Stealth        | 3 4 |  4.0
Dodging        | |  1.7
Spellcasting   | |  2.0
Hexes          | |  3.0

Action                   |  1- 3 |  4- 6 || total
-------------------------+-------+-------++-------
Melee: Dagger            |   114 |       ||   114
       Short sword       |    88 |   109 ||   197
 Cast: Corona            |     5 |       ||     5
       Ensorcelled Hiber |    11 |    10 ||    21
       Confuse           |       |     1 ||     1
  Use: Potion            |     1 |     4 ||     5
       Scroll            |       |     3 ||     3
 Stab: Sleeping          |    11 |     4 ||    15
  Eat: Chunk             |     4 |     5 ||     9
       Fruit             |     2 |       ||     2
Armor: Robe              |    41 |    12 ||    53
Dodge: Dodged            |   112 |    41 ||   153
